 Dungeon Crawl Stone Soup version 0.29.1-12-g30fa7ad0bf (webtiles) character file.

Game seed: 16645409835836909138

141 Gabide the Trooper (level 5, -1/42 HPs)
             Began as a Mummy Berserker on Dec 27, 2022.
             Was a Believer of Trog.
             Slain by a steam dragon (6 damage)
             ... on level 3 of the Dungeon.
             The game lasted 00:03:06 (3226 turns).

Gabide the Trooper (Mummy Berserker)                Turns: 3226, Time: 00:03:06

Health: -1/42      AC: 19    Str: 22    XL:     5   Next: 3%
Magic:  5/5        EV:  7    Int:  9    God:    Trog [**....]
Gold:   180        SH:  0    Dex: 12    Spells: 4/4 levels left

rFire   . . .      SeeInvis .     - Unarmed
rCold   . . .      Faith    .   (no shield)
rNeg    + + +      Spirit   .   f - +9 plate armour "Liurot" {*Slow Fly rPois Int+3}
rPois   ∞          Reflect  .   (no helmet)
rElec   .          Harm     .   (no cloak)
rCorr   .          Rampage  .   (no gloves)
Will    .....                   (no boots)
Stlth   ..........              (no amulet)
HPRegen 0.14/turn               e - ring of fire
MPRegen 0.09/turn               (no ring)

@: flying
A: cold resistance 1, negative energy resistance 3, torment resistance 2, heat
vulnerability 1, in touch with death 1, no potions
a: Renounce Religion, Trog's Hand


You were on level 3 of the Dungeon.
You worshipped Trog.
Trog was pleased with you.
You visited 1 branch of the dungeon, and saw 4 of its levels.

You collected 180 gold pieces.

Inventory:

Armour
 b - a +0 scale mail
 f - the +9 plate armour "Liurot" (worn) {*Slow Fly rPois Int+3}
   (You found it on level 2 of the Dungeon)

   Int:       It affects your intelligence (+3).
   rPois:     It protects you from poison.
   Fly:       It grants you flight.
   *Slow:     It may slow you when you take damage.
Jewellery
 e - a ring of fire (left hand)
Scrolls
 a - a scroll of poison {unknown}
 c - a scroll of noise {unknown}
 d - a scroll of teleportation {unknown}
 g - a scroll of identify {unknown}
 h - a scroll of magic mapping {unknown}
 i - a scroll of immolation {unknown}


   Skills:
 + Level 3.8 Fighting
 - Level 1.5 Armour
 + Level 2.5 Dodging
 * Level 3.8 Unarmed Combat


You had 4 spell levels left.
You didn't know any spells.
Your spell library was empty.

Dungeon Overview and Level Annotations

Branches:
Dungeon (4/15)
 Temple: D:4-7

Altars:

Shops:
D:1 :


Innate Abilities, Weirdness & Mutations

You are immune to poison.
Your flesh is cold resistant. (rC+)
You are immune to negative energy. (rN+++)
You are immune to unholy pain and torment.
You are vulnerable to heat. (rF-)
You are in touch with the powers of death.
You do not drink.


Message History

You hit the steam dragon but do no damage.
The steam dragon is heavily wounded.
The steam dragon barely misses you.
The steam dragon claws you but does no damage.
You barely miss the steam dragon.
The steam dragon is heavily wounded.
The steam dragon barely misses you. x2
You hit the steam dragon.
The steam dragon is heavily wounded.
Your skin stops crawling.
You feel less strong-willed.
The steam dragon bites you but does no damage.
The steam dragon claws you.
You hit the steam dragon but do no damage.
The steam dragon is heavily wounded.
The steam dragon bites you but does no damage.
The steam dragon claws you but does no damage.
You barely miss the steam dragon.
The steam dragon is heavily wounded.
The steam dragon breathes steam at you. The ball of steam hits you.
You barely miss the steam dragon.
The steam dragon is heavily wounded.
You are engulfed in a cloud of scalding steam.
* * * LOW HITPOINT WARNING * * *
The steam dragon bites you but does no damage.
The steam dragon claws you but does no damage.
The steam dragon bites you.
* * * LOW HITPOINT WARNING * * *
The steam dragon claws you but does no damage.
You hit the steam dragon.
The steam dragon is severely wounded.
The steam dragon bites you but does no damage.
The steam dragon completely misses you.
You hit the steam dragon.
The steam dragon is severely wounded.
The steam dragon breathes steam at you. The ball of steam hits you.
* * * LOW HITPOINT WARNING * * *
The steam dragon bites you.
You die...

#≈≈≈≈≈≈≈≈≈≈## #.....# #........
≈≈≈≈≈≈≈≈≈≈≈≈###.!########........
≈≈≈≈≈≈≈≈≈≈≈≈≈##..#......#.(......
≈≈≈≈≈≈≈≈≈≈≈≈≈≈##.#.##............
≈≈≈≈≈≈≈≈≈≈≈≈≈≈≈#.#.##.#.#........
≈≈≈≈≈≈≈≈≈≈≈≈≈≈≈#.#.#..#.#........
≈≈≈≈♣..♣≈≈≈≈≈≈≈#........#........
≈≈≈≈!≈≈.....÷..'.....####........
≈≈≈≈:≈≈....)...'@D#### #........
≈≈≈≈♣..♣≈≈≈≈≈≈≈#§># #########
≈≈≈≈≈≈≈≈≈≈≈≈≈≈≈####
≈≈≈≈≈≈≈≈≈≈≈≈≈≈≈# ≈≈≈≈≈≈≈≈≈≈≈≈≈≈##
≈≈≈≈≈≈≈≈≈≈≈≈≈## ≈≈≈≈≈≈≈≈≈≈≈≈##
#≈≈≈≈≈≈≈≈≈≈## ##≈≈≈≈≈≈≈≈##


You could see a steam dragon (catching breath).

Vanquished Creatures
  4 gnolls
  4 adders
  A worm (D:3)
  2 dart slugs (D:3)
  5 orcs (D:3)
  4 ball pythons
  7 endoplasms
  2 giant cockroaches
  A hobgoblin (D:2)
  2 jackals (D:3)
  6 kobolds
  A quokka (D:2)
  4 bats
  6 frilled lizards
  4 goblins
  4 rats
57 creatures vanquished.

Vanquished Creatures (others)
  An endoplasm (D:4)
  A plant (D:1)
  5 toadstools (D:1)
7 creatures vanquished.

Grand Total: 64 creatures vanquished

Notes
Turn   | Place    | Note
-------+----------+-------------------------------------------
     0 | D:1      | Gabide the Mummy Berserker began the quest for the Orb.
     0 | D:1      | Reached XP level 1. HP: 18/18 MP: 1/1
   380 | D:1      | Reached XP level 2. HP: 24/24 MP: 2/2
   422 | D:1      | Found Geklecs's Book Boutique.
  1035 | D:2      | Found a faded altar of an unknown god.
  1040 | D:2      | Identified the +9 plate armour "Liurot" {*Slow Fly rPois
                  | Int+3}
  1283 | D:2      | Gained mutation: You are in touch with the powers of death.
                  | [Mummy growth]
  1283 | D:2      | Reached XP level 3. HP: 27/29 MP: 3/3
  1670 | D:2      | Reached ** piety under Trog
  1671 | D:2      | Reached XP level 4. HP: 20/36 MP: 4/4
  2980 | D:3      | Reached XP level 5. HP: 37/42 MP: 5/5
  3093 | D:4      | Noticed a steam dragon
  3226 | D:3      | Slain by a steam dragon

Illustrated notes

Levels and vault maps discovered:
D:1:      ldierk_walled_garden, layout_loops_ring, serial_shops,
          nicolae_shop_behind_doors, roderic_malta_cross, chequers_big_river,
          minmay_crystal_water, nrook_mini_vaults
D:2:      layout_basic, shapermc_ecumenical_altar_mp_highgroup
D:3:      kennysheep_big_flooded_room, layout_basic
D:4:      layout_basic, mainiacjoe_overflow_alcove_2, serial_shops,
          nicolae_shop_competitors_out_of_business, kennysheep_potato

Skill      XL: |  1  2 |
---------------+-------+-----
Dodging        | 2 |  2.5
Unarmed Combat | 3 |  3.8
Fighting       | |  3.8
Armour         | |  1.5

Action                   |  1- 3 |  4- 6 || total
-------------------------+-------+-------++-------
Melee: Unarmed           |    99 |   139 ||   238
       Punch             |     1 |     2 ||     3
Invok: Trog's Hand       |       |     1 ||     1
  Use: Scroll            |       |     1 ||     1
Armor: Scale mail        |    12 |       ||    12
       Plate armour      |    75 |    99 ||   174
Dodge: Dodged            |    54 |    48 ||   102
